 Dungeon Crawl Stone Soup version 0.27-a0-668-gb5737ff2c0 (webtiles) character file.

Game seed: 2942645290842259143

60 robertstho the Shooter (level 3, -1/30 HPs)
             Began as a Minotaur Hunter on Mar 17, 2021.
             Slain by an orc priest
             ... wielding a +0 dagger
              (3 damage)
             ... on level 3 of the Dungeon.
             The game lasted 00:02:08 (1544 turns).

robertstho the Shooter (Minotaur Hunter)            Turns: 1544, Time: 00:02:08

Health: -1/30      AC:  4    Str: 17    XL:     3   Next: 82%
Magic:  2/2        EV: 11    Int:  8    God:
Gold:   48         SH:  0    Dex: 10    Spells: 2/2 levels left

rFire    . . .     SeeInvis .   h - +0 long sword
rCold    . . .     Faith    .   (no shield)
rNeg     . . .     Spirit   .   c - +0 leather armour
rPois    .         Reflect  .   (helmet restricted)
rElec    .         Harm     .   (no cloak)
rCorr    .         Rampage  .   (no gloves)
Will     .....                  e - +0 pair of boots
Stlth    +.........             f - amulet of magic regeneration
HPRegen  0.10/turn              (no ring)
MPRegen  0.33/turn              (no ring)

@: about to teleport
A: horns 2, retaliatory headbutt
a: no special abilities


You were on level 3 of the Dungeon.
You visited 1 branch of the dungeon, and saw 3 of its levels.

You collected 48 gold pieces.

Inventory:

Hand Weapons
 a - a +1 shortbow
 h - a +0 long sword (weapon)
Armour
 c - a +0 leather armour (worn)
 e - a +0 pair of boots (worn)
Jewellery
 f - an amulet of magic regeneration (around neck)
Scrolls
 b - 4 scrolls of teleportation
 g - 2 scrolls of enchant armour {unknown}
 i - a scroll of enchant weapon {unknown}
 j - a scroll of identify {unknown}


   Skills:
 * Level 2.8 Fighting
 * Level 5.6 Bows
 * Level 1.3 Armour
 + Level 2.2 Dodging
 - Level 0.7 Stealth


You had 2 spell levels left.
You didn't know any spells.
Your spell library was empty.

Dungeon Overview and Level Annotations

Branches:
Dungeon (3/15)

Altars:


Innate Abilities, Weirdness & Mutations

You have a pair of horns on your head.
You reflexively headbutt those who attack you in melee.


Message History

You barely miss the hobgoblin.
The orc shouts!
Your headbutt misses the hobgoblin.
The hobgoblin is almost dead.
The hobgoblin misses you. x2
You barely miss the hobgoblin. You headbutt the hobgoblin.
You kill the hobgoblin!
The orc barely misses you.
You riposte.
You barely miss the orc. You barely miss the orc priest.
The orc priest hits you with a +0 dagger!
The orc hits you with a +0 falchion.
You slash the orc!
You kill the orc!
The orc hits you but does no damage.
You barely miss the orc priest. The orc hits you with a +0 mace.
The orc priest hits you with a +0 dagger.
The orc closely misses you.
You riposte.
You slash the orc!
You kill the orc!
You hit the orc priest.
The orc priest is lightly wounded.
The orc hits you but does no damage.
The orc priest hits you but does no damage.
The orc misses you.
The orc priest looks satisfied for a moment.
You hit the orc priest but do no damage.
The orc priest is lightly wounded.
The orc hits you with a +0 mace.
The orc priest calls down the wrath of Beogh upon you.
Pain shoots through your body!
* * * LOW HITPOINT WARNING * * *
You are too injured to fight recklessly!
You are too injured to fight recklessly!
You are too injured to fight recklessly!
Unknown command.
You aren't carrying any potions.
As you read the scroll labelled YGUCESCHY NIKOY, it crumbles to dust.
You feel strangely unstable.
It was a scroll of teleportation.
The orc closely misses you.
The orc priest hits you with a +0 dagger.
You die...

#.........#
.........
##.....((##
#.........#
#........†#
#.........#
#..oo†....#
#...@.....#
##.......##
##<.....#
######....
##.


You could see an orc priest and an orc.

Vanquished Creatures
  An adder (D:2)
  A worm (D:2)
  3 dart slugs (D:1)
  A leopard gecko (D:1)
  2 orcs (D:3)
  A ball python (D:3)
  2 giant cockroaches (D:1)
  3 goblins
  4 hobgoblins
  A quokka (D:2)
  9 bats
  5 frilled lizards
  3 kobolds
  5 rats
41 creatures vanquished.

Notes
Turn   | Place    | Note
-------+----------+-------------------------------------------
     0 | D:1      | robertstho the Minotaur Hunter began the quest for the Orb.
     0 | D:1      | Reached XP level 1. HP: 18/18 MP: 0/0
   168 | D:1      | Reached XP level 2. HP: 25/25 MP: 1/1
   189 | D:1      | Reached skill level 5 in Bows
   447 | D:1      | Reached skill level 1 in Armour
   472 | D:1      | Reached XP level 3. HP: 30/30 MP: 2/2
  1544 | D:3      | Slain by an orc priest

Illustrated notes

Levels and vault maps discovered:
D:1:      dpeg_arrival_signposts, layout_basic
D:2:      layout_basic
D:3:      layout_rooms

Skill      XL: |  1  2 |
---------------+-------+-----
Bows           | 5 |  5.6
Armour         | 1 |  1.3
Fighting       | |  2.8
Dodging        | |  2.2
Stealth        | |  0.7

Action                   || total
-------------------------++-------
Melee: Short sword       ||     1
       Long sword        ||     7
       Headbutt          ||     1
 Fire: Shortbow          ||    92
  Use: Scroll            ||     3
Armor: Leather armour    ||    13
Dodge: Dodged            ||    13
       Rpst.: Long sword ||     3

Table legend: (Time is in decaauts)
 A = Elapsed time spent in this place.
 B = Non-inter-level travel time spent in this place.
 C = Inter-level travel time spent in this place.
 D = Time resting spent in this place.
 E = Time spent auto-exploring this place.
 F = Levels seen in this place.
 G = Mean time per level.
                   A        B        C        D        E       F      G
               +--------+--------+--------+--------+--------+-----+--------+
         Total |   1550 |   1425 |    125 |      0 |   1216 |   3 |  516.7 |
       Dungeon |   1550 |   1425 |    125 |      0 |   1216 |   3 |  516.7 |
               +--------+--------+--------+--------+--------+-----+--------+

Top non-repeatable levels by time:
     D:1: 892 daAuts
     D:2: 640 daAuts
     D:3: 17 daAuts
